Map: Romanticide EC

Players

Koka

  • Race: Terran Terran
  • League: Master

IIIIIIIIIIII - Winner!

  • Race: Protoss Protoss
  • League: Master

VOD

Have the link to the VOD?

Description

Time

  • Played on: April 13, 2021, 7:01 a.m.
  • Length: 12:52
Show
View Real Time Build Order
Export as new Build Order

Koka Terran 

Build Orders:  

Get SALT Encoding   

  12  0:00  SCV  
  13  0:12  SCV  
  14  0:17  Supply Depot  
  14  0:24  SCV  
  14  0:27  Refinery  
  15  0:38  SCV  
  16  0:45  Barracks  
  16  0:50  SCV  
  17  1:02  SCV  
  18  1:06  Engineering Bay  
  18  1:15  SCV  
  19  1:27  SCV  
  20  1:35  Marine  
  20  1:38  Factory  
  21  1:41  Orbital Command  
  21  1:49  Supply Depot  
  21  1:54  Barracks Reactor  
  21  2:13  SCV  
  21  2:26  Command Center  
  21  2:28  Factory Tech Lab  
  21  2:39  Marine, Starport  
  21  2:41  Marine  
  23  2:47  SCV  
  23  2:50  Refinery  
  24  3:01  Marine  
  24  3:02  Marine  
  26  3:10  Cyclone  
  28  3:18  SCV  
  29  3:20  Marine x2  
  31  3:37  Medivac  
  31  3:38  Marine x2, SCV  
  36  3:41  Orbital Command  
  36  3:50  SCV  
  36  3:54  Siege Tank  
  40  3:59  Marine x2  
  42  4:04  Engineering Bay  
  42  4:07  Orbital Command  
  42  4:14  Viking  
  44  4:17  Marine x2  
  46  4:27  Bunker  
  46  4:36  Siege Tank, SCV  
  46  4:37  Supply Depot, SCV  
  51  4:42  Marine x2  
  53  4:51  SCV  
  54  4:57  Missile Turret  
  54  4:58  Missile Turret, SCV  
  48  5:18  SCV x2  
  50  5:23  Marine x2  
  52  5:31  Starport Tech Lab  
  52  5:36  SCV x2  
  54  5:44  Marine x2  
  54  5:48  SCV  
  54  5:49  SCV  
  58  5:53  Supply Depot  
  58  5:55  Siege Tank  
  61  6:01  SCV  
  62  6:09  Medivac  
  62  6:13  Marine  
  62  6:14  Marine  
  62  6:16  Barracks  
  63  6:18  SCV  
  63  6:19  SCV  
  63  6:25  Barracks  
  63  6:36  SCV x2  
  63  6:38  Marine x2  
  67  6:41  Raven  
  69  6:48  SCV  
  70  6:55  Refinery  
  70  6:58  Supply Depot  
  70  7:05  Barracks Tech Lab  
  70  7:12  Supply Depot, Barracks Tech Lab  
  70  7:14  Terran Infantry Weapons Level 1  
  70  7:20  Marine x2, Siege Tank, SCV x2  
  77  7:26  Stimpack  
  77  7:31  Refinery  
  77  7:32  SCV  
  77  7:33  SCV  
  77  7:35  Combat Shield  
  79  7:37  Starport Reactor  
  79  7:38  Marine x2, Marauder x2  
  85  7:44  SCV  
  86  7:56  Command Center  
  86  8:08  Supply Depot  
  86  8:11  Supply Depot  
  86  8:13  Supply Depot  
  86  8:30  Marine x2, SCV x2, Marauder x2  
  86  8:32  Medivac x2  
  86  8:33  Siege Tank  
  101  8:39  Supply Depot  
  101  8:42  SCV x2  
  103  8:50  Bunker  
  103  8:54  SCV x2  
  105  8:58  Marine, Marauder x2  
  105  9:00  Marine  
  105  9:02  Supply Depot  
  111  9:06  Concussive Shells, SCV x2  
  113  9:16  Command Center  
  113  9:23  SCV, Orbital Command  
  115  9:24  SCV  
  115  9:35  Barracks  
  115  9:40  Marine x2, Marauder  
  115  9:44  Marauder  
  121  9:50  Terran Infantry Armor Level 1  
  121  9:57  SCV x2  
  121  9:59  SCV  
  124  10:05  Marine x2, Refinery x2, Marauder  
  124  10:06  Siege Tank  
  131  10:10  Medivac  
  131  10:11  Medivac  
  131  10:13  SCV  
  136  10:14  SCV  
  136  10:15  SCV  
  136  10:20  Supply Depot  
  138  10:23  Supply Depot  
  138  10:27  Barracks  
  138  10:30  Marauder x2  
  138  10:34  SCV x3  
  145  10:55  Marine x2, Marauder x2  
  145  10:56  Siege Tank, Marauder  
  156  10:59  SCV x3  
  156  11:01  Missile Turret  
  159  11:09  Armory  
  159  11:10  Engineering Bay  
  163  11:11  Liberator x2  
  163  11:14  SCV x3  
  163  11:15  Missile Turret, Planetary Fortress  
  168  11:30  Marauder x2  
  168  11:31  Barracks Reactor  
  172  11:41  Factory  
  172  11:43  Starport  
  172  11:45  Fusion Core  
  172  11:47  Refinery  
  172  11:48  Marine, SCV x2  
  172  11:49  Supply Depot x3, Marine, Refinery, Marauder  
  172  11:51  SCV  
  170  12:00  SCV  
  171  12:10  Marauder x2, Ghost Academy  
  171  12:14  Sensor Tower  
  178  12:27  Marine  
  178  12:28  Marine x3, Marauder  
  110  12:39  Factory Tech Lab  
  110  12:40  Starport Reactor  
Show
View Real Time Build Order
Export as new Build Order

IIIIIIIIIIII Protoss - Winner!

Build Orders: Blink Stalkers, Zealot Archon, Dark Templar Rush 

Get SALT Encoding   

  12  0:00  Probe  
  13  0:12  Probe  
  14  0:17  Pylon  
  14  0:24  Probe (Chrono Boost)  
  16  0:36  Probe (Chrono Boost)  
  16  0:37  Gateway  
  16  0:41  Probe (Chrono Boost)  
  16  0:45  Assimilator  
  17  0:52  Probe  
  18  1:04  Probe  
  19  1:16  Probe  
  19  1:17  Assimilator  
  20  1:24  Cybernetics Core  
  20  1:28  Probe  
  21  1:35  Pylon  
  21  1:40  Probe  
  22  1:52  Probe  
  23  2:00  Twilight Council  
  23  2:08  Stalker (Chrono Boost)  
  25  2:19  Warp Gate  
  25  2:27  Nexus  
  25  2:31  Stalker  
  27  2:39  Pylon  
  27  2:50  Gateway  
  27  2:58  Probe  
  28  3:10  Probe  
  29  3:17  Dark Shrine  
  29  3:22  Probe (Chrono Boost)  
  31  3:34  Probe (Chrono Boost)  
  31  3:36  Shield Battery  
  31  3:39  Probe (Chrono Boost)  
  33  3:41  Probe (Chrono Boost)  
  33  3:45  Gateway  
  33  3:47  Pylon  
  33  3:48  Blink (Chrono Boost), Probe  
  34  3:52  Probe  
  35  4:00  Probe  
  36  4:04  Probe  
  36  4:05  Gateway  
  37  4:11  Assimilator  
  37  4:12  Probe  
  38  4:17  Stalker  
  38  4:21  Shield Battery  
  38  4:22  Probe  
  41  4:24  Probe  
  42  4:34  Dark Templar  
  44  4:40  Dark Templar  
  44  4:42  Probe  
  47  4:47  Probe  
  47  4:48  Gateway  
  48  4:54  Probe  
  49  5:00  Probe  
  49  5:07  Probe  
  51  5:12  Probe  
  52  5:19  Probe  
  51  5:24  Probe  
  50  5:30  Nexus  
  50  5:31  Probe  
  50  5:33  Robotics Facility  
  51  5:37  Stalker, Forge  
  51  5:40  Charge  
  51  5:42  Pylon  
  54  5:43  Pylon, Probe  
  54  5:44  Dark Templar  
  56  5:50  Dark Templar  
  58  5:59  Dark Templar  
  58  6:00  Shield Battery  
  60  6:06  Probe  
  60  6:08  Protoss Ground Armor Level 1 (Chrono Boost), Probe  
  62  6:11  Dark Templar  
  62  6:18  Probe  
  65  6:20  Probe  
  66  6:30  Probe  
  66  6:31  Zealot x4  
  75  6:35  Probe  
  74  6:42  Probe, Shield Battery  
  75  6:48  Assimilator  
  75  6:49  Immortal (Chrono Boost)  
  75  6:50  Assimilator, Probe  
  80  6:55  Robotics Bay  
  80  6:56  Pylon, Archon  
  80  6:57  Probe  
  80  7:00  Pylon  
  81  7:06  Gateway  
  81  7:07  Gateway  
  81  7:11  Probe (Chrono Boost)  
  81  7:13  Robotics Facility, Probe (Chrono Boost)  
  83  7:16  Probe (Chrono Boost)  
  83  7:17  Pylon  
  84  7:25  Observer  
  84  7:29  Probe (Chrono Boost)  
  86  7:32  Probe  
  86  7:33  Dark Templar  
  86  7:34  Dark Templar  
  86  7:35  Zealot x3  
  97  7:38  Probe  
  97  7:40  Probe  
  99  7:45  Probe  
  99  7:46  Gateway  
  99  7:47  Gateway, Colossus (Chrono Boost)  
  99  7:50  Probe  
  107  7:57  Probe  
  108  8:01  Pylon  
  108  8:02  Pylon  
  108  8:04  Protoss Ground Weapons Level 1 (Chrono Boost)  
  108  8:05  Probe  
  109  8:06  Pylon  
  115  8:13  Probe  
  115  8:14  Colossus (Chrono Boost)  
  115  8:16  Probe  
  117  8:20  Probe  
  117  8:23  Extended Thermal Lance (Chrono Boost), Assimilator  
  117  8:30  Gateway  
  117  8:32  Gateway  
  117  8:33  Colossus (Chrono Boost)  
  123  8:41  Zealot x3  
  123  8:44  Gateway  
  129  9:01  Forge  
  129  9:02  Probe  
  130  9:03  Nexus  
  130  9:08  Shadow Stride (Chrono Boost)  
  130  9:12  Probe  
  131  9:19  Pylon  
  131  9:20  Probe  
  131  9:22  Photon Cannon  
  132  9:24  Photon Cannon  
  132  9:25  Pylon, Shield Battery  
  132  9:28  Templar Archives  
  132  9:31  Pylon  
  132  9:35  Probe  
  133  9:39  Protoss Ground Armor Level 2 (Chrono Boost)  
  133  9:42  Shield Battery  
  133  9:43  Assimilator  
  133  9:45  Disruptor  
  133  9:48  Assimilator  
  133  9:52  Photon Cannon  
  136  9:53  Shield Battery  
  136  9:54  Psionic Storm  
  136  9:55  Protoss Ground Weapons Level 2 (Chrono Boost), Photon Cannon  
  136  9:58  Pylon  
  136  10:01  Probe  
  136  10:06  High Templar  
  136  10:07  High Templar  
  141  10:08  High Templar  
  141  10:09  Probe  
  144  10:15  Probe  
  144  10:17  Probe  
  144  10:20  Zealot x3  
  152  10:22  Pylon  
  152  10:23  Probe  
  153  10:30  Colossus (Chrono Boost)  
  153  10:31  Gateway  
  159  10:42  Zealot x2  
  163  10:47  Pylon  
  163  10:52  Zealot x3  
  163  10:55  Shield Battery  
  169  10:57  Colossus  
  175  11:09  Probe x2  
  177  11:11  Probe  
  177  11:16  Probe  
  179  11:21  Probe  
  179  11:24  Probe  
  181  11:25  High Templar  
  181  11:26  High Templar x3  
  181  11:27  Zealot x3  
  181  11:29  Probe  
  196  11:35  Pylon  
  196  11:36  Pylon  
  196  11:37  Photon Cannon  
  196  11:40  Photon Cannon  
  196  11:49  Nexus  
  196  11:51  Photon Cannon  
  196  11:52  Pylon, Photon Cannon  
  196  11:54  Photon Cannon  
  196  12:01  Stalker x2  
  200  12:05  Robotics Facility  
  200  12:08  Gateway x2, Assimilator  
  150  12:30  Zealot x5  
  150  12:31  Zealot x7  
  166  12:37  Archon x2  
  173  12:52  Zealot x2  
Tags
 
Add a new tag
Caveats
  • Supply blocks, unpowered buildings, or Contaminate may cause inaccurate times.
  • Supply counts are checked every 10 seconds.